 Dungeon Sprint DCSS version 0.22.1-1-ga44c0e56f4 (webtiles) character file.

16039 MuseOD the Unseen (level 12, -1/67 (70) HPs)
             Began as a Spriggan Enchanter on Oct 3, 2018.
             Was the Champion of Dithmenos.
             Killed by divine providence
             ... invoked by an orc priest
              (16 damage)
             ... in the Dungeon (Sprint III: "The Ten Rune Challenge").
             The game lasted 00:07:41 (2500 turns).

MuseOD the Unseen (Spriggan Enchanter)              Turns: 2500, Time: 00:07:42

HP:   -1/67 (70)    AC:  2    Str:  4    XL:     12   Next: 6%
MP:   1/28          EV: 18    Int: 20    God:    Dithmenos [******]
Gold: 149           SH:  0    Dex: 18    Spells: 15/34 levels left

rFire    . . .     SeeInvis +   i - +2 dagger (freeze)
rCold    . . .     Gourm    .   (shield restricted)
rNeg     . . .     Faith    .   b - +0 robe
rPois    .         Spirit   .   (helmet restricted)
rElec    .         Reflect  .   (no cloak)
rCorr    .         Harm     .   (gloves unavailable)
MR       ++...     NoTele   +   (boots unavailable)
Stlth    ++++++++++             (no amulet)
HPRegen  0.21/turn              (no ring)
MPRegen  0.21/turn              (no ring)

@: wreathed by umbra, very quick
A: very small, unfitting armour, see invisible, herbivore, speed 3, slow
metabolism 2
a: Shadow Step, Shadow Form, Renounce Religion


You were in the Dungeon.
You worshipped Dithmenos.
Dithmenos was exalted by your worship.
You were hungry.

You visited 1 branch You collected 149 gold pieces.

Inventory:

Hand Weapons
 a - a +1 dagger
 i - a +2 dagger of freezing (weapon)
 q - a +1 dagger of electrocution
Armour
 b - a +0 robe (worn)
Wands
 p - a wand of flame (9)
Scrolls
 j - a scroll of blinking
 k - 2 scrolls of immolation {unknown}
 l - a scroll of identify {unknown}
 m - 2 scrolls of remove curse {unknown}
 o - a scroll of enchant armour {unknown}
Potions
 c - 4 potions of mutation {unknown}
 e - 2 potions of curing
 f - 2 potions of heal wounds
 g - a potion of haste
 h - 2 potions of magic
 n - 3 potions of flight
 r - a potion of might
 s - a potion of berserk rage
Comestibles
 d - 5 rations


   Skills:
 + Level 11.4 Fighting
 * Level 19.4 Short Blades
 - Level 3.0 Dodging
 + Level 19.5 Stealth
 - Level 11.7 Spellcasting
 + Level 4.1 Conjurations
 - Level 11.9 Hexes
 + Level 5.0 Earth Magic


You had 15 spell levels left.
You knew the following spells:

 Your Spells              Type           Power        Failure   Level  Hunger
a - Corona                Hex            ######.      1%          1    None
b - Ensorcelled Hibernat  Hex/Ice        #####.       1%          2    None
c - Confuse               Hex            ######..     1%          3    None
d - Dazzling Spray        Conj/Hex       #####.       1%          3    None
e - Tukima's Dance        Hex            ######..     1%          3    None
f - Mephitic Cloud        Conj/Pois/Air  ###.....     10%         3    None
g - Petrify               Tmut/Erth      ###.....     21%         4    #......

Your spell library contained the following spells:

 Spells                   Type           Power        Failure   Level  Hunger
 Confusing Touch          Hex            ######       1%          1    None
 Magic Dart               Conj           ####         1%          1    None
 Slow                     Hex            ######..     1%          2    None
 Conjure Flame            Conj/Fire      ###.....     8%          3    None
 Blink                    Tloc           N/A          9%          2    None
 Call Imp                 Summ           ##......     9%          2    None
 Metabolic Englaciation   Hex/Ice        #####.....   14%         5    ####...
 Yara's Violent Unravell  Hex/Tmut       #####.....   14%         5    ####...
 Gell's Gravitas          Tloc           ##........   17%         3    None


Dungeon Overview and Level Annotations

Branches:
Dungeon (1/1)

Altars:
Dithmenos
Elyvilon
Fedhas
Kikubaaqudgha
Okawaru
Ru
Sif Muna
Trog
Uskayaw
Vehumet
Wu Jian
Yredelemnul
Zin
The Shining One
Beogh

Shops:
D !=%}(?}!:[:(*

Annotations:
D exclusion: obsidian statue


Innate Abilities, Weirdness & Mutations

You are very small and have problems with some larger weapons.
You are too small for most types of armour.
You have supernaturally acute eyesight. (SInv)
You are a herbivore.
You cover ground extremely quickly.
You need to consume almost no food.


Message History

The orc warrior is lightly wounded.
Your shadow barely misses the orc warrior.
The orc priest hits you with a falchion!
You hit the orc warrior but do no damage.
The orc warrior is lightly wounded.
Your shadow hits the orc warrior but does no damage.
The orc warrior misses you.
Unknown command.
The orc priest looks braver for a moment.
You hit the orc warrior but do no damage.
The orc warrior is lightly wounded.
The orc warrior hits you with a short sword!
* * * LOW HITPOINT WARNING * * *
You strike the helpless orc warrior from behind!
You spit the orc warrior like a pig!!! You freeze the orc warrior.
You kill the orc warrior!
Dithmenos accepts your kill.
The orc priest invokes the aid of Beogh against you.
Beogh smites you!
You die...

##.###############$### $#
#..#___#___#__#$$#$#$##..+
#..#)..#__)#._#.........##
#..###'#'###'##$)).......#
#..#..........#$))..o..##
[÷.'.⌠........#)))..∩#.#
...#...######'#o#####.# ...#.⌠.#
#...#)################# ...#...#
#...#o@..#)#)#)....#... ...#'###
#...##.#.)#.##.###.#... ...#.[)#
#...'##.#.#.##.#).##... ...#___#
+...#)..#..#..##.)'..(. ▓▓▓▓▓▓▓▓
▓▓▓▓▓▓▓▓▓▓▓▓▓▓▓▓▓▓#....
♣.....♣♣♣♣≈≈≈........≈≈≈...#...^
♣♣.≈≈≈≈'♣♣'♣≈≈≈≈≈≈≈≈≈≈≈≈♣♣P.'^...
.+....†#.≈♣♣♣♣♣♣♣♣♣♣♣♣♣♣♣♣PP#(.^.
♣♣♣♣♣♣♣#..♣♣ ♣♣♣##'##


You could see an orc priest and an orc.

Vanquished Creatures
  Frances (D)
  Donald (D)
  Erolcha (D)
  2 yaktaur captains (D)
  2 hydras (D)
  Urug (D)
  A death drake (D)
  A lindwurm (D)
  A spriggan druid (D)
  4 crystal guardians (D)
  A deep elf mage (D)
  2 spiny frogs (D)
  A rime drake (D)
  A yaktaur (D)
  A komodo dragon (D)
  3 wandering mushrooms (D)
  2 tyrant leeches (D)
  An orc high priest (D)
  5 redbacks (D)
  A shadow (D)
  2 spriggans (D)
  2 orc warriors (D)
  A swamp drake (D)
  A necrophage (D)
  5 two-headed ogres (D)
  A water elemental (D)
  A scorpion (D)
  An electric eel (D)
  A jelly (D)
  5 orc priests (D)
  A wizard (D)
  Jessica (D)
  A necromancer (D)
  3 humans (D)
  A kobold demonologist (D)
  2 oozes (D)
  11 orcs (D)
  A frilled lizard (D)
  A rat (D)
  A plant (D)
76 creatures vanquished.

Vanquished Creatures (others)
  2 draconian scorchers (D)
  6 hellions (D)
  2 yaktaurs (D)
  3 plants (D)
13 creatures vanquished.

Grand Total: 89 creatures vanquished

Notes
Turn   | Place    | Note
-------+----------+-------------------------------------------
     0 | D        | MuseOD the Spriggan Enchanter began the quest for the Orb.
     0 | D        | Reached XP level 1. HP: 9/9 MP: 5/5
     9 | D        | Reached skill level 1 in Fighting
     9 | D        | Reached skill level 5 in Stealth
    17 | D        | Reached XP level 2. HP: 9/14 MP: 6/6
   117 | D        | Killed a hellion
   117 | D        | Killed a hellion
   144 | D        | Killed a hellion
   145 | D        | Killed a hellion
   146 | D        | Killed a hellion
   152 | D        | Noticed Jessica
   161 | D        | Killed Jessica
   161 | D        | Reached XP level 3. HP: 19/19 MP: 8/8
   170 | D        | Noticed a scorpion
   184 | D        | Learned a level 2 spell: Ensorcelled Hibernation
   185 | D        | Killed a hellion
   188 | D        | Learned a level 3 spell: Confuse
   214 | D        | Killed a scorpion
   214 | D        | Reached XP level 4. HP: 24/24 MP: 0/9
   228 | D        | Killed a white draconian scorcher
   242 | D        | Killed a yaktaur
   252 | D        | Killed a white draconian scorcher
   318 | D        | Noticed a water elemental
   320 | D        | Killed a water elemental
   320 | D        | Reached XP level 5. HP: 29/29 MP: 10/10
   328 | D        | Found a basalt altar of Yredelemnul.
   328 | D        | Found a shadowy altar of Dithmenos.
   328 | D        | Found a sacrificial altar of Ru.
   328 | D        | Noticed a necrophage
   553 | D        | Killed a necrophage
   553 | D        | Reached skill level 10 in Stealth
   555 | D        | Reached skill level 5 in Fighting
   555 | D        | Reached XP level 6. HP: 32/32 MP: 3/11
   690 | D        | Killed a yaktaur
   704 | D        | Became a worshipper of Dithmenos the Shadowed
   713 | D        | Found a glowing silver altar of Zin.
   713 | D        | Found a glowing golden altar of the Shining One.
   713 | D        | Found a white marble altar of Elyvilon.
   713 | D        | Noticed a deep elf mage
   716 | D        | Killed a deep elf mage
   716 | D        | Reached XP level 7. HP: 38/38 MP: 12/12
   726 | D        | Found a radiant altar of Vehumet.
   726 | D        | Found a deep blue altar of Sif Muna.
   726 | D        | Found an ancient bone altar of Kikubaaqudgha.
   730 | D        | Reached * piety under Dithmenos
   741 | D        | Learned a level 3 spell: Dazzling Spray
   749 | D        | Found a hide-covered altar of Uskayaw.
   749 | D        | Found a roughly hewn altar of Beogh.
   749 | D        | Found an iron altar of Okawaru.
   749 | D        | Found a bloodstained altar of Trog.
   749 | D        | Found an ornate altar of the Wu Jian Council.
   749 | D        | Noticed a human
   749 | D        | Noticed a human
   752 | D        | Killed a human
   753 | D        | Killed a human
   777 | D        | Noticed a shadow
   779 | D        | Killed a shadow
   779 | D        | Reached ** piety under Dithmenos
   779 | D        | Reached skill level 5 in Hexes
   779 | D        | Reached XP level 8. HP: 43/43 MP: 15/15
   810 | D        | Reached skill level 5 in Spellcasting
   815 | D        | Reached *** piety under Dithmenos
   818 | D        | Noticed a two-headed ogre
   821 | D        | Killed a two-headed ogre
   825 | D        | Noticed a two-headed ogre
   825 | D        | Noticed Erolcha
   827 | D        | Killed a two-headed ogre
   828 | D        | Killed Erolcha
   828 | D        | Reached skill level 15 in Stealth
   828 | D        | Reached XP level 9. HP: 49/49 MP: 17/21
   855 | D        | Reached **** piety under Dithmenos
   864 | D        | Reached skill level 15 in Short Blades
   955 | D        | Noticed Frances
   956 | D        | Noticed Donald
   959 | D        | Killed Frances
   959 | D        | Reached XP level 10. HP: 55/55 MP: 22/24
   960 | D        | Killed Donald
   960 | D        | Reached skill level 10 in Spellcasting
   960 | D        | Reached skill level 10 in Hexes
   965 | D        | Learned a level 3 spell: Tukima's Dance
   969 | D        | Learned a level 3 spell: Mephitic Cloud
   974 | D        | Learned a level 4 spell: Petrify
   977 | D        | Noticed a yaktaur captain
   983 | D        | Reached ***** piety under Dithmenos
  1284 | D        | Killed a yaktaur captain
  1505 | D        | Noticed a yaktaur captain
  1507 | D        | Killed a yaktaur captain
  1507 | D        | Reached skill level 10 in Fighting
  1507 | D        | Reached XP level 11. HP: 60/60 MP: 16/27
  1593 | D        | Found Adaf's Gadget Emporium.
  1593 | D        | Found Tuaq's Book Shop.
  1593 | D        | Found Anen's Antique Weapon Boutique.
  1593 | D        | Found Loukkeg's Assorted Antiques.
  1593 | D        | Found Wesoy's Magic Scroll Boutique.
  1593 | D        | Found Joafesala's Distillery.
  1593 | D        | Found Vuwnid's Gadget Shoppe.
  1593 | D        | Found Hoasiyck's Antique Weapon Shop.
  1593 | D        | Found Camnue's Food Shop.
  1593 | D        | Found Siddocs's Book Emporium.
  1593 | D        | Found Yjoliess's Jewellery Emporium.
  1593 | D        | Found Wilatej's Antique Armour Boutique.
  1647 | D        | Noticed a crystal guardian
  1647 | D        | Noticed a crystal guardian
  1647 | D        | Noticed a crystal guardian
  1647 | D        | Noticed a crystal guardian
  1650 | D        | Killed a crystal guardian
  1652 | D        | Killed a crystal guardian
  1654 | D        | Killed a crystal guardian
  1657 | D        | Killed a crystal guardian
  1665 | D        | Noticed an obsidian statue
  1713 | D        | Reached ****** piety under Dithmenos
  1777 | D        | Reached skill level 1 in Conjurations
  1777 | D        | Reached skill level 1 in Earth Magic
  1995 | D        | Noticed a lindwurm
  1998 | D        | Killed a lindwurm
  2006 | D        | Noticed Urug
  2008 | D        | Killed Urug
  2064 | D        | Noticed a four-headed hydra
  2064 | D        | Noticed a five-headed hydra
  2066 | D        | Killed a four-headed hydra
  2067 | D        | Killed a five-headed hydra
  2081 | D        | Noticed a death drake
  2084 | D        | Killed a death drake
  2177 | D        | Found a blossoming altar of Fedhas.
  2177 | D        | Noticed a spriggan druid
  2179 | D        | Killed a spriggan druid
  2180 | D        | Reached XP level 12. HP: 62/67 MP: 23/28
  2392 | D        | Found Habaeb's Distillery.
  2401 | D        | Reached skill level 5 in Earth Magic
  2500 | D        | Killed from afar by an orc priest

Skill      XL: |  1  2  3  4  5  6  7  8  9 10 11 12 |
---------------+-------------------------------------+-----
Fighting       | 1 2 3 4 5 6 7 8 9 10 11 | 11.4
Short Blades   | 3 4 6 8 9 12 13 14 15 17 19 | 19.4
Stealth        | 5 6 7 9 10 12 13 15 16 17 19 | 19.5
Spellcasting   | 4 7 9 11 | 11.7
Hexes          | 5 7 9 11 | 11.9
Conjurations   | 3 4 |  4.1
Earth Magic    | 4 5 |  5.0
Dodging        | |  3.0

Action                   |  1- 3 |  4- 6 |  7- 9 | 10-12 || total
-------------------------+-------+-------+-------+-------++-------
Melee: Dagger            |    12 |    29 |    16 |   110 ||   167
 Cast: Ensorcelled Hiber |     3 |       |     2 |    15 ||    20
       Confuse           |     1 |     7 |       |    15 ||    23
       Corona            |       |     1 |       |       ||     1
       Dazzling Spray    |       |       |       |     5 ||     5
       Mephitic Cloud    |       |       |       |     3 ||     3
Invok: Shadow Step       |       |       |       |     4 ||     4
  Use: Potion            |       |     1 |       |       ||     1
 Stab: Sleeping          |     3 |     3 |    15 |    31 ||    52
       Confused          |     1 |       |       |     3 ||     4
       Invisible         |       |       |       |     1 ||     1
Dodge: Dodged            |     3 |    13 |     1 |    10 ||    27
